 Dungeon Crawl Stone Soup version 0.29.1-4-g47bece8355 (webtiles) character file.

Game seed: 3141316129046289451

3786 Mune the Grappler (level 9, -1/88 HPs)
             Began as a Troll Berserker on Dec 4, 2022.
             Was a Priest of Trog.
             Slain by Erica
             ... wielding a +4 scimitar of flaming
              (15 damage)
             ... on level 8 of the Dungeon.
             The game lasted 00:15:43 (5516 turns).

Mune the Grappler (Troll Berserker)                 Turns: 5516, Time: 00:15:43

Health: -1/88      AC: 10    Str: 31    XL:     9   Next: 95%
Magic:  8/8        EV: 11    Int:  3    God:    Trog [***...]
Gold:   456        SH:  0    Dex:  9    Spells: 8/8 levels left

rFire   . . .      SeeInvis .     - Unarmed
rCold   . . .      Faith    .   (no shield)
rNeg    . . .      Spirit   .   I - +0 steam dragon scales
rPois   .          Reflect  .   (helmet restricted)
rElec   .          Harm     .   C - +2 cloak {rCorr}
rCorr   +          Rampage  .   (gloves unavailable)
Will    .....                   (boots unavailable)
Stlth   ++........              (no amulet)
HPRegen 1.04/turn               (no ring)
MPRegen 0.11/turn               (no ring)

@: about to teleport, on berserk cooldown, slowed, very slow
A: large, unfitting armour, claws 3, regeneration 1, shaggy fur 1, tough skin 1
a: Renounce Religion, Berserk, Trog's Hand


You were on level 8 of the Dungeon.
You worshipped Trog.
Trog was most pleased with you.
You visited 2 branches of the dungeon, and saw 9 of its levels.

You collected 456 gold pieces.

Inventory:

Hand Weapons
 B - a +0 giant club
Armour
 a - a +0 animal skin
 b - a +0 ring mail
 r - a +0 pair of boots
 C - a +2 cloak of preservation (worn)
 I - +0 steam dragon scales (worn)
Jewellery
 l - a ring of resist corrosion
 o - a ring of resist corrosion
 p - a ring of protection from fire
 t - a ring of resist corrosion
Wands
 j - a wand of digging (8)
 D - a wand of iceblast (6)
 F - a wand of acid (13)
 H - a wand of flame (12)
Scrolls
 f - 3 scrolls of fear
 g - a scroll of vulnerability {unknown}
 h - a scroll of amnesia {unknown}
 k - 2 scrolls of butterflies
 n - a scroll of torment {unknown}
 s - 3 scrolls of teleportation
 x - a scroll of silence {unknown}
 y - a scroll of noise {unknown}
 z - a scroll of summoning {unknown}
 E - 2 scrolls of blinking
 G - 2 scrolls of enchant weapon
Potions
 c - 2 potions of heal wounds
 d - 3 potions of brilliance
 e - a potion of berserk rage
 i - a potion of invisibility {unknown}
 m - 2 potions of haste {unknown}
 q - a potion of curing
 u - 2 potions of might
 v - 4 potions of ambrosia {unknown}
 w - 2 potions of mutation {unknown}
 A - a potion of resistance {unknown}


   Skills:
 + Level 5.2 Fighting
 + Level 6.6 Dodging
 + Level 1.7 Stealth
 + Level 11.0 Unarmed Combat


You had 8 spell levels left.
You didn't know any spells.
Your spell library contained the following spells:

 Spells                   Type           Power      Damage    Failure   Level
 Ozocubu's Armour         Ice            0%         N/A       88%         3
 Ozocubu's Refrigeration  Ice            0%         4d7       100%        7


Dungeon Overview and Level Annotations

Branches:
Dungeon (8/15)             Temple (1/1) D:7
   Lair: D:8-11

Altars:
Ashenzari
Cheibriados
Dithmenos
Elyvilon
Fedhas
Gozag
Hepliaklqana
Kikubaaqudgha
Makhleb
Nemelex Xobeh
Okawaru
Ru
Sif Muna
Trog
Uskayaw
Vehumet
Xom
Yredelemnul
Zin
The Shining One

Shops:
D:4 [   D:6 *=*[   D:7 *

Annotations:
D:8 Erica


Innate Abilities, Weirdness & Mutations

You are too large for most types of armour.
You have claws for hands.
Your natural rate of healing is unusually fast.
You are covered in fur. (AC +1)
You have tough skin. (AC +1)


Message History

The lance of force hits you!
You are knocked back by the lance of force.
You slam into the rock wall!
You scratch the kobold brigand. You claw the kobold brigand.
You kill the kobold brigand!
Trog accepts your kill.
Your Unarmed Combat skill increases to level 11!
You mangle the kobold!!
You kill the kobold!
Trog accepts your kill.
You mangle Erica!!
Erica is almost dead.
You feel the effects of Trog's Hand fading.
Erica casts a spell.
Erica flickers and vanishes!
Deactivating autopickup; reactivate with Ctrl-A.
The kobold hits you but does no damage. x2; Something hits you.
Something burns you. The kobold closely misses you.
The kobold hits you but does no damage.
You feel much better. The kobold hits you but does no damage.
The kobold hits you with a +0 dagger. Something hits you! Something burns you.
You completely miss something. Something hits you! Something burns you.
The kobold hits you but does no damage. x2
You closely miss something. Something hits you. Something burns you.
The kobold hits you with a +0 short sword.
The kobold hits you with a +0 dagger.
You mangle the kobold!!
You kill the kobold!
Trog accepts your kill. Something hits you! Something burns you!
The kobold hits you but does no damage. Something hits you!
* * * LOW HITPOINT WARNING * * *
Something burns you.
* * * LOW HITPOINT WARNING * * *
The kobold hits you but does no damage.
As you read the scroll of teleportation, it crumbles to dust.
You feel strangely unstable.
Your skin stops crawling.
You feel less strong-willed. Something hits you!
You die...

# .# ## ######.# .
#$)....##
#.#@{.....# #. #.
#.#.K..##$# ...
#.##.).).....# #...
#.####.#.#####
#.#.##.............
.#....###..#######
...........#
...#...#.##
#.#.....#


You could see a kobold.

Vanquished Creatures
  Pikel (D:7)
  Joseph (D:8)
  Maggie (D:7)
  Sigmund (D:3)
  Duvessa (D:7)
  An orc warrior (D:7)
  A sky beast (D:7)
  2 ice beasts
  An ogre (D:6)
  3 centaurs
  A phantom (D:4)
  2 lemures (D:7)
  3 kobold brigands
  4 necrophages
  2 scorpions
  Dowan (D:7)
  8 killer bees (D:7)
  A howler monkey (D:5)
  4 jellies
  5 hounds
  5 orc priests
  2 orc wizards (D:7)
  11 adders
  A shadow imp (D:7)
  An ufetubus (D:5)
  2 worms
  4 dart slugs
  28 orcs
  3 bats
  6 endoplasms
  2 giant cockroaches (D:4)
  5 goblins
  6 hobgoblins
  3 jackals (D:3)
  4 quokkas (D:1)
  12 ball pythons
  2 frilled lizards
  15 kobolds
  2 rats
158 creatures vanquished.

Notes
Turn   | Place    | Note
-------+----------+-------------------------------------------
     0 | D:1      | Mune the Troll Berserker began the quest for the Orb.
     0 | D:1      | Reached XP level 1. HP: 22/22 MP: 0/0
   225 | D:1      | Reached XP level 2. HP: 29/29 MP: 1/1
   610 | D:1      | Reached XP level 3. HP: 36/36 MP: 2/2
   941 | D:2      | Found a faded altar of an unknown god.
  1031 | D:2      | Reached ** piety under Trog
  1076 | D:2      | Reached XP level 4. HP: 38/44 MP: 3/3
  1126 | D:2      | Found a shimmering altar of Xom.
  1163 | D:2      | Reached skill level 4 in Unarmed Combat
  1772 | D:3      | Noticed Sigmund
  1781 | D:3      | Reached XP level 5. HP: 52/52 MP: 4/4
  1802 | D:3      | Killed Sigmund
  1803 | D:3      | Reached skill level 5 in Unarmed Combat
  1803 | D:3      | Reached XP level 6. HP: 60/61 MP: 5/5
  2296 | D:4      | Found Figyic's Antique Armour Shoppe.
  2335 | D:4      | Reached skill level 6 in Unarmed Combat
  2370 | D:4      | Reached XP level 7. HP: 58/67 MP: 6/6
  2950 | D:5      | Entered Level 5 of the Dungeon
  3573 | D:5      | Reached skill level 7 in Unarmed Combat
  3917 | D:6      | Reached skill level 1 in Stealth
  3960 | D:6      | Found Vuirun's Assorted Antiques.
  3964 | D:6      | Found Keqoun's Assorted Antiques.
  3965 | D:6      | Found Mivif's Jewellery Shoppe.
  3966 | D:6      | Found Akhaugh's Armour Shoppe.
  3989 | D:6      | Reached XP level 8. HP: 75/78 MP: 7/7
  4001 | D:6      | Reached skill level 8 in Unarmed Combat
  4190 | D:6      | Found a hide-covered altar of Uskayaw.
  4373 | D:7      | Found Ysih's General Store.
  4439 | D:7      | Reached skill level 5 in Dodging
  4502 | D:7      | Reached skill level 9 in Unarmed Combat
  4591 | D:7      | Reached XP level 9. HP: 85/85 MP: 8/8
  4725 | D:7      | Noticed Pikel
  4736 | D:7      | Killed Pikel
  4737 | D:7      | Reached skill level 10 in Unarmed Combat
  4737 | D:7      | Reached *** piety under Trog
  4819 | D:7      | Noticed Duvessa
  4819 | D:7      | Noticed Dowan
  4830 | D:7      | Killed Duvessa
  4838 | D:7      | Killed Dowan
  4871 | D:7      | Found a staircase to the Ecumenical Temple.
  4881 | Temple   | Entered the Ecumenical Temple
  5169 | D:7      | Reached skill level 5 in Fighting
  5198 | D:7      | Noticed Maggie
  5215 | D:7      | HP: 2/88 [Maggie/bolt of fire (29)]
  5221 | D:7      | Killed Maggie
  5484 | D:8      | Noticed Joseph
  5493 | D:8      | Killed Joseph
  5502 | D:8      | Noticed Erica
  5510 | D:8      | Reached skill level 11 in Unarmed Combat
  5516 | D:8      | Slain by Erica

Illustrated notes

Levels and vault maps discovered:
D:1:      lightli_arrival_lavapool, layout_basic, chequers_decorated_corner,
          minmay_misc_feat_encased
D:2:      layout_basic, serial_glass, glass_columns_a, glass_columns_a,
          basic_altar, ebering_ecumenical_altar_petrified
D:3:      layout_basic, uniq_sigmund
D:4:      cheibrodos_helix_gallery, layout_loops_cross, serial_shops, shop
D:5:      layout_gridville
D:6:      layout_basic, nicolae_overflow_crystal_walls, minmay_shop_grid_forest
D:7:      layout_cave_pools, temple_hall, serial_shops, nicolae_shop_stone,
          hex_tiny, kennysheep_generic_room_13, uniq_maggie, uniq_pikel,
          uniq_duvessa
D:8:      layout_basic, nzn_wu_jian_council_hall, overflow_temple_1_default,
          uniq_joseph, uniq_amaemon, uniq_erica
Temple:   regret_index_temple_chain_breaker

Skill      XL: |  1  2  3  4  5  6  7  8  9 |
---------------+----------------------------+-----
Dodging        | 3 4 5 6 |  6.6
Unarmed Combat | 4 5 6 7 9 11 | 11.0
Fighting       | 3 4 5 |  5.2
Stealth        | 1 |  1.7

Action                   |  1- 3 |  4- 6 |  7- 9 || total
-------------------------+-------+-------+-------++-------
Melee: Unarmed           |    95 |   104 |   254 ||   453
       Punch             |       |     3 |     9 ||    12
Invok: Berserk           |     1 |     3 |     9 ||    13
       Trog's Hand       |       |     2 |     6 ||     8
  Use: Scroll            |       |       |    11 ||    11
       Potion            |       |       |     5 ||     5
 Stab: Sleeping          |     1 |     1 |       ||     2
Armor: Animal skin       |    36 |    41 |   102 ||   179
       Steam dragon scal |       |       |    19 ||    19
Dodge: Dodged            |    50 |    56 |   206 ||   312
